 Dungeon Crawl Stone Soup version 0.25.1-2-g60ff931df9 (webtiles) character file.

Game seed: 4987932568211244625

156 nikku the Sneak (level 5, -8/28 HPs)
             Began as a Spriggan Assassin on Aug 22, 2020.
             Mangled by a brown very ugly thing (21 damage)
             ... on level 2 of the Abyss.
             The game lasted 00:08:02 (2974 turns).

nikku the Sneak (Spriggan Assassin)                 Turns: 2974, Time: 00:08:03

Health: -8/28      AC:  3    Str:  8    XL:     5   Next: 15%
Magic:  6/6        EV: 17    Int: 13    God:
Gold:   93         SH:  0    Dex: 13    Spells: 4/4 levels left

rFire    . . .     SeeInvis +   a - +2 dagger
rCold    . . .     Gourm    .   (shield restricted)
rNeg     . . .     Faith    .   b - +0 robe
rPois    .         Spirit   .   (helmet restricted)
rElec    .         Reflect  .   c - +0 cloak
rCorr    +         Harm     .   (gloves unavailable)
MR       .....                  (boots unavailable)
Stlth    +++.......             (no amulet)
HPRegen  0.00/turn              o - ring of resist corrosion
MPRegen  0.10/turn              (no ring)

@: non-regenerating, diseased, lightly drained, very quick
A: very small, unfitting armour, see invisible, [clumsy 2], herbivore, speed 3,
slow metabolism 2
a: no special abilities


You were on level 2 of the Abyss.
You were not hungry.

You visited 1 branch of the dungeon, and saw 3 of its levels.
You visited the Abyss 1 time.

You collected 93 gold pieces.

Inventory:

Hand Weapons
 a - a +2 dagger (weapon)
Missiles
 d - 6 poisoned darts (quivered)
 e - 2 curare-tipped darts
 i - 80 stones
Armour
 b - a +0 robe (worn)
 c - a +0 cloak (worn)
Jewellery
 o - a ring of resist corrosion (left hand)
 p - an uncursed ring of wizardry {unknown}
Scrolls
 g - 2 scrolls of remove curse
 q - a scroll of identify
 t - a scroll of magic mapping {unknown}
 u - a scroll of enchant armour {unknown}
Potions
 h - a potion of curing
 j - a potion of degeneration {unknown}
 k - a potion of brilliance {unknown}
 l - a potion of haste {unknown}
 m - 2 potions of resistance
 n - a potion of ambrosia {unknown}
 r - a potion of lignification {unknown}
 s - 2 potions of might
Comestibles
 f - 3 rations


   Skills:
 * Level 2.9(2.6) Fighting
 + Level 3.1(2.8) Short Blades
 + Level 2.8(2.5) Throwing
 + Level 3.1(2.8) Dodging
 + Level 6.6(6.2) Stealth


You had 4 spell levels left.
You didn't know any spells.
Your spell library was empty.

Dungeon Overview and Level Annotations

Branches:
Dungeon (3/15)

Altars:
Elyvilon
Vehumet
The Shining One

Annotations:
D:3 Crazy Yiuf


Innate Abilities, Weirdness & Mutations

You are very small and have problems with some larger weapons.
You are too small for most types of armour.
You have supernaturally acute eyesight. (SInv)
You are a herbivore.
You cover ground extremely quickly.
You need to consume almost no food.
[You are very clumsy. (Dex -4)]


Message History

A starcursed mass comes into view.
You feel yourself growing ill in the presence of the ancient zyme.
An insubstantial wisp and a raiju come into view.
The raiju barks!
The insubstantial wisp gives a chilling moan.
A starcursed mass splits.
A chorus of shrieks assaults your mind.
A starcursed mass splits.
The raiju bursts into living lightning!
The living lightning hits you!
The raiju blinks!
You enter the shallow water.
Moving in this stuff is going to be slow.
You feel ill.
A brown very ugly thing comes into view.
The brown very ugly thing gurgles horribly!
Found a robe.
A large abomination comes into view.
The brown very ugly thing stings you!!
Ouch! That really hurt!
You die...

#≈#.#.#..... ...
##.≈.≈≈≈#..##..## #
#.≈≈#≈≈≈#..##..##..# # #
≈≈≈≈≈.x..........
..###..≈≈≈≈≈............
#.....# ≈≈≈≈#..##.. #..#
##...###xh≈#### ..#
.#.....#..♣.....#....
.......@........#...XX
.#....u#...≈....#..## .
##...###...#...#..# ..#
#.... ##......#. . .
X[... ......# .#.#.
###.#.. .... #.. #... ..


You could see a brown very ugly thing, an ancient zyme, a large abomination
(wandering), a raiju and a small abomination.

Vanquished Creatures
  Natasha (twice) (D:2)
  5 adders
  A worm (D:2)
  2 dart slugs
  2 leopard geckos
  5 bats
  6 giant cockroaches
  3 goblins
  7 hobgoblins
  3 jackals (D:1)
  2 ball pythons
  4 frilled lizards
  6 kobolds
  6 rats
54 creatures vanquished.

Notes
Turn   | Place    | Note
-------+----------+-------------------------------------------
     0 | D:1      | nikku the Spriggan Assassin began the quest for the Orb.
     0 | D:1      | Reached XP level 1. HP: 10/10 MP: 2/2
    99 | D:1      | Reached XP level 2. HP: 15/15 MP: 3/3
   192 | D:1      | Reached skill level 6 in Stealth
   786 | D:1      | Reached XP level 3. HP: 18/18 MP: 4/4
   914 | D:1      | Found a glowing golden altar of the Shining One.
  1490 | D:2      | Noticed Natasha
  1521 | D:2      | Killed Natasha
  1521 | D:2      | Reached XP level 4. HP: 23/23 MP: 5/5
  1702 | D:2      | Noticed Natasha
  1714 | D:2      | Killed Natasha
  2082 | D:3      | Found a white marble altar of Elyvilon.
  2316 | D:3      | Reached XP level 5. HP: 24/28 MP: 6/6
  2595 | D:3      | Found a radiant altar of Vehumet.
  2677 | D:3      | Found a runed translucent door.
  2678 | D:3      | Noticed Crazy Yiuf
  2690 | D:3      | Cast into level 2 of the Abyss (Crazy Yiuf)
  2820 | Abyss:2  | Noticed a sky beast
  2833 | Abyss:2  | Noticed a white draconian
  2842 | Abyss:2  | Noticed a starcursed mass
  2858 | Abyss:2  | Noticed a blink frog
  2858 | Abyss:2  | Noticed a blink frog
  2858 | Abyss:2  | Noticed a blink frog
  2860 | Abyss:2  | Noticed a blink frog
  2861 | Abyss:2  | Noticed a worldbinder
  2870 | Abyss:2  | Noticed a large abomination
  2871 | Abyss:2  | Noticed a raiju
  2872 | Abyss:2  | Noticed a kobold demonologist
  2872 | Abyss:2  | Noticed a kobold demonologist
  2875 | Abyss:2  | Noticed a wraith
  2877 | Abyss:2  | Noticed a tentacled starspawn
  2878 | Abyss:2  | Noticed a blink frog
  2879 | Abyss:2  | Noticed a wraith
  2927 | Abyss:2  | Noticed a small abomination
  2941 | Abyss:2  | Noticed a wretched star
  2941 | Abyss:2  | Noticed a lorocyproca
  2960 | Abyss:2  | Noticed an ancient zyme
  2963 | Abyss:2  | Noticed a starcursed mass
  2965 | Abyss:2  | Noticed a raiju
  2965 | Abyss:2  | Noticed an insubstantial wisp
  2971 | Abyss:2  | Noticed a brown very ugly thing
  2974 | Abyss:2  | Noticed a large abomination
  2974 | Abyss:2  | Mangled by a brown very ugly thing

Illustrated notes

Levels and vault maps discovered:
D:1:      lightli_iron_boxes, layout_basic, roderic_cross_of_infinity, tso_altar
D:2:      layout_rooms, uniq_natasha
D:3:      layout_loops_ring, marbit_many_paths, elyvilon_altar_3,
          kennysheep_generic_room_11, uniq_crazy_yiuf_cottage
Abyss:2:  base: D:2, evilmike_abyss_exit_vortex

Skill      XL: |  1  2  3  4 |
---------------+-------------+-----
Dodging        | 2 3 |  3.1
Stealth        | 6 |  6.6
Fighting       | 2 |  2.9
Short Blades   | 3 |  3.1
Throwing       | |  2.8

Action                   |  1- 3 |  4- 6 || total
-------------------------+-------+-------++-------
Melee: Dagger            |    94 |    40 ||   134
Throw: Dart              |    39 |     4 ||    43
  Use: Scroll            |     3 |     1 ||     4
 Stab: Sleeping          |    11 |     7 ||    18
Armor: Robe              |     8 |     6 ||    14
Dodge: Dodged            |    81 |    26 ||   107
